 Dungeon Crawl Stone Soup version 0.31.0-11-ge490571c62 (webtiles) character file.

Game seed: 5283998601713087257

1033 thirtiethelement the Slasher (level 8, -3/62 HPs)
             Began as a Demonspawn Monk on Jan 29, 2024.
             Was a High Priest of Ignis.
             Slain by Menkaure (13 damage)
             ... on level 5 of the Dungeon.
             The game lasted 00:11:56 (3961 turns).

thirtiethelement the Slasher (Demonspawn Monk)      Turns: 3961, Time: 00:11:57

Health: -3/62      AC: 23    Str: 15    XL:     8   Next: 3%
Magic:  8/8        EV:  8    Int:  9    God:    Ignis [*****.]
Gold:   194        SH:  0    Dex: 18    Spells: 7/7 levels left

rFire   + . .        w - +3 falchion
rCold   . . .        d - orb {light}
rNeg    . . .        g - +0 chain mail
rPois   .            e - +0 helmet
rElec   .            b - scarf {repulsion}
rCorr   .            q - +2 pair of gloves
SInv    .            l - +2 pair of boots
Will    .....        (no amulet) Stlth
                     (no ring)
HPRegen 0.30/turn    (no ring)
MPRegen 0.11/turn

%: repel missiles
@: fiery-armoured, glowing
A: claws 1, hooves 2, powered by pain 1, strong 1
a: Renounce Religion, Fiery Armour, Foxfire Swarm, Rising Flame


You were on level 5 of the Dungeon.
You worshipped Ignis.
Ignis was extremely pleased with you.
You visited 1 branch of the dungeon, and saw 5 of its levels.
You also visited: Sewer.

You collected 314 gold pieces.
You spent 120 gold pieces at shops.

Inventory:

Hand Weapons
 w - a +3 falchion (weapon)
Missiles
 r - 6 boomerangs (quivered)
Armour
 b - a scarf of repulsion (worn)
 d - an orb of light (worn)
 e - a +0 helmet (worn)
 g - a +0 chain mail (worn)
 l - a +2 pair of boots (worn)
 q - a +2 pair of gloves (worn)
Magical Staves
 o - the staff of the Toadstool {rPois rF+ Str-4 Int-5 Fire Alchemy}
   (You found it on level 2 of the Dungeon)

   [staff of fire]

   Base accuracy: +5 Base damage: 5 Base attack delay: 1.2 This weapon's minimum
   attack delay (0.6) is reached at skill level 12.
   Str-4:     It affects your strength (-4).
   Int-5:     It affects your intelligence (-5).
   rF+:       It protects you from fire.
   rPois:     It protects you from poison Fire: It increases the power of your
   Fire spells.
   Alchemy:   It increases the power of your Alchemy spells.
   It falls into the 'Staves' category.
   It is a one-handed weapon.
Wands
 v - a wand of paralysis (8)
Scrolls
 f - 4 scrolls of identify
 h - 2 scrolls of immolation
 i - a scroll of fear
 p - a scroll of torment
Potions
 c - a potion of brilliance
 j - 2 potions of curing
 m - a potion of heal wounds
 n - 2 potions of mutation
 s - a potion of haste
 t - 3 potions of enlightenment
 u - a potion of attraction {unknown}


   Skills:
 + Level 5.2 Fighting
 + Level 2.4(4.5) Short Blades
 + Level 6.0(6.2) Long Blades
 + Level 3.1 Armour
 + Level 3.9 Dodging
 + Level 0.2 Stealth


You had 7 spell levels left.
You didn't know any spells.
Your spell library contained the following spells:

 Spells                   Type           Power      Damage    Failure   Level
 Magic Dart               Conj           0%         1d3       99%         1
 Blink                    Tloc           0%         N/A       100%        2
 Call Imp                 Summ           0%         N/A       100%        2


Dungeon Overview and Level Annotations

Branches:
Dungeon (5/15)              Sewer (visited)
 Temple: D:4-7

Altars:
Dithmenos
Ignis

Shops:
D:5 (

Annotations:
D:5 Menkaure


Innate Abilities, Weirdness & Mutations

You have sharp fingernails.
You have hoof-like feet.
You sometimes gain a little power by taking damage.
Your muscles are strong. (Str +4, Int/Dex -1)


Message History

The hound is severely wounded.
The hound bites you but does no damage.
The hound is burned by your cloak of flames.
You kill the hound!
Your Long Blades skill increases to level 6!
You see here a howler monkey corpse.
Things that are here:
a +1 whip of electrocution; a +2 robe; the kobold corpse of Pikel You feel a little less agile now.
Menkaure is nearby!
You are too injured to fight recklessly!
You are too injured to fight recklessly!
Menkaure shouts!
Menkaure calls on the powers of darkness!
Your body is wracked with pain!
* * * LOW HITPOINT WARNING * * *
You hit Menkaure but do no damage. Menkaure hits you!
* * * LOW HITPOINT WARNING * * *
Menkaure is burned terribly!
Menkaure is burned by your cloak of flames.
Menkaure is moderately damaged.
You hit Menkaure.
Menkaure is heavily damaged.
You hit Menkaure but do no damage.
Menkaure is heavily damaged.
Menkaure hits you but does no damage.
Menkaure is burned terribly!
Menkaure is burned by your cloak of flames.
Menkaure is heavily damaged.
You hit Menkaure.
Menkaure is severely damaged.
Menkaure barely misses you.
You hit Menkaure.
Menkaure is severely damaged.
Menkaure hits you but does no damage.
Menkaure is burned terribly!
Menkaure is burned by your cloak of flames.
Menkaure is almost destroyed.
You hit Menkaure.
Menkaure is almost destroyed.
Menkaure hits you!
You die...

.# #...#.# ..
#...#.# #...#.#
#...#.# #[..#.#
#...#.# #.#.#.#
#..#####.###.#
.........@)†.#
##..####M########
#......... #.
#..######. #..#
#..# #...#.h#
#....# ##...#
#...#


You could see Menkaure.

Vanquished Creatures
  Pikel (D:5)
  A lemure (D:5)
  Blork the orc (D:4)
  A howler monkey (D:5)
  A hound (D:5)
  An orc priest (D:5)
  Crazy Yiuf (D:3)
  Jessica (D:2)
  Terence (D:2)
  An iguana (D:5)
  7 river rats
  8 adders
  3 dart slugs
  8 ribbon worms
  15 orcs
  6 ball pythons
  12 endoplasms
  4 giant cockroaches
  3 goblins
  5 hobgoblins
  8 jackals
  6 quokkas
  10 bats
  12 frilled lizards
  5 kobolds
  5 rats
127 creatures vanquished.

Vanquished Creatures (others)
  18 foxfires (Sewer)
18 creatures vanquished.

Grand Total: 145 creatures vanquished

Notes
Turn   | Place    | Note
-------+----------+-------------------------------------------
     0 | D:1      | thirtiethelement the Demonspawn Monk began the quest for
                  | the Orb.
     0 | D:1      | Reached XP level 1. HP: 18/18 MP: 1/1
    67 | D:1      | Discovered your monstrous ancestry.
    67 | D:1      | Gained mutation: You have large cloven feet. [demonic
                  | ancestry]
    67 | D:1      | Reached XP level 2. HP: 15/24 MP: 2/2
   167 | D:1      | Reached skill level 3 in Long Blades
   459 | D:1      | Reached XP level 3. HP: 25/29 MP: 3/3
   578 | D:2      | Noticed Jessica
   590 | D:2      | Killed Jessica
   648 | D:2      | Noticed Terence
   780 | D:2      | HP: 1/29 [Terence/+0 morningstar (4)]
   781 | D:2      | Killed Terence
   782 | D:2      | Gained mutation: You have hoof-like feet. [demonic
                  | ancestry]
   782 | D:2      | Reached XP level 4. HP: 1/37 MP: 4/4
  1024 | D:2      | Found a faded altar of an unknown god.
  1047 | D:2      | Prayed at the altar of an unknown god.
  1047 | D:2      | Became a worshipper of Ignis, the Dying Flame
  1047 | D:2      | Reached ****** piety under Ignis
  1130 | D:2      | Identified the staff of the Toadstool {rPois rF+ Str-4
                  | Int-5 Fire Alchemy}
  1334 | D:2      | Reached skill level 1 in Armour
  1668 | D:3      | Found a runed translucent door.
  1669 | D:3      | Noticed Crazy Yiuf
  1675 | D:3      | Killed Crazy Yiuf
  1676 | D:3      | Reached XP level 5. HP: 33/42 MP: 5/5
  1855 | D:3      | Reached skill level 4 in Long Blades
  2171 | D:4      | Found a shadowy altar of Dithmenos.
  2171 | D:4      | Noticed Blork the orc
  2182 | D:4      | Killed Blork the orc
  2365 | D:4      | Gained mutation: You sometimes gain a little power by
                  | taking damage. [demonic ancestry]
  2365 | D:4      | Reached XP level 6. HP: 36/49 MP: 6/6
  2380 | D:4      | Reached skill level 1 in Short Blades
  2391 | D:4      | Found a glowing drain.
  2417 | Sewer    | Entered a sewer
  3125 | Sewer    | Gained mutation: Your muscles are strong. (Str +4, Int/Dex
                  | -1) [potion of mutation]
  3737 | D:5      | Entered Level 5 of the Dungeon
  3737 | D:5      | Found Nifib's Antique Weapon Emporium.
  3780 | D:5      | Bought a glowing falchion for 120 gold pieces
  3857 | D:5      | Noticed Pikel
  3857 | D:5      | Noticed Menkaure
  3899 | D:5      | Killed Pikel
  3900 | D:5      | Reached skill level 5 in Fighting
  3900 | D:5      | Reached skill level 5 in Long Blades
  3900 | D:5      | Gained mutation: You have sharp fingernails. [demonic
                  | ancestry]
  3900 | D:5      | Reached XP level 7. HP: 13/56 MP: 7/7
  3903 | D:5      | Reached XP level 8. HP: 16/62 MP: 8/8
  3906 | D:5      | Reached skill level 6 in Long Blades
  3961 | D:5      | Slain by Menkaure

Illustrated notes

Levels and vault maps discovered:
D:1:      dpeg_arrival_tiny_j, layout_rooms, minmay_lizard_pond
D:2:      layout_rooms, hellmonk_ecumenical_altar_dog_temple,
          minmay_misc_feat_room, uniq_jessica, uniq_terence
D:3:      layout_loops_cross, uniq_crazy_yiuf_cottage
D:4:      layout_basic, grunt_dithmenos_smoke_and_mirrors,
          lightli_sewer_entry_pipes, uniq_blork_the_orc
D:5:      layout_basic, serial_shops, nicolae_stop_n_shop_1, uniq_edmund,
          uniq_menkaure, uniq_pikel

Skill      XL: |  1  2  3  4  5  6  7  8 |
---------------+-------------------------+-----
Long Blades    | 3 4 5 6 |  6.0
Dodging        | 3 |  3.9
Armour         | 1 3 |  3.1
Fighting       | 4 5 |  5.2
Short Blades   | 2 |  2.4
Stealth        | |  0.2

Action                     |  1- 3 |  4- 6 |  7- 9 || total
---------------------------+-------+-------+-------++-------
  Melee: Falchion          |    81 |   114 |    10 ||   205
         Kick              |     7 |       |       ||     7
         Short sword       |       |   213 |       ||   213
 Invoke: Fiery Armour      |       |     2 |       ||     2
         Foxfire Swarm     |       |     1 |       ||     1
    Use: Potion            |     1 |     1 |       ||     2
         Scroll            |       |    10 |       ||    10
 Armour: Robe              |    14 |       |       ||    14
         Chain mail        |    41 |   304 |     6 ||   351
  Dodge: Dodged            |    34 |   128 |     4 ||   166
         Repelled          |     1 |     3 |       ||     4
